 Dungeon Crawl Stone Soup version 0.29.1-13-g9f3cf754e1 (webtiles) character file.

Game seed: 7127986911513006793

34 Thatpatchoflichen the Ducker (level 3, -2/28 HPs)
             Began as a Demonspawn Gladiator on Feb 6, 2023.
             Slain by Natasha (6 damage)
             ... on level 2 of the Dungeon.
             The game lasted 00:02:01 (1452 turns).

Thatpatchoflichen the Ducker (Demonspawn Gladiator) Turns: 1452, Time: 00:02:01

Health: -2/28      AC:  9    Str: 14    XL:     3   Next: 14%
Magic:  3/3        EV:  7    Int:  9    God:
Gold:   56         SH:  0    Dex: 16    Spells: 2/2 levels left

rFire   . . .      SeeInvis .   a - +0 long sword
rCold   . . .      Faith    .   (no shield)
rNeg    . . .      Spirit   .   o - +0 chain mail
rPois   .          Reflect  .   c - +0 helmet
rElec   .          Harm     .   (no cloak)
rCorr   .          Rampage  .   (no gloves)
Will    .....                   (no boots)
Stlth   ..........              (no amulet)
HPRegen 0.09/turn               (no ring)
MPRegen 0.08/turn               (no ring)

@: slowed, very slow
A: hooves 1
a: no special abilities


You were on level 2 of the Dungeon.
You visited 1 branch of the dungeon, and saw 2 of its levels.

You collected 56 gold pieces.

Inventory:

Hand Weapons
 a - a +0 long sword (weapon)
Missiles
 d - 3 throwing nets (quivered)
 e - a javelin
 q - 5 poisoned darts
Armour
 b - a +0 leather armour
 c - a +0 helmet (worn)
 o - a +0 chain mail (worn)
Jewellery
 g - a ring of magical power
Scrolls
 f - a scroll of torment {unknown}
 h - a scroll of vulnerability {unknown}
 n - 3 scrolls of identify {unknown}
Potions
 i - 3 potions of heal wounds {unknown}
 j - a potion of invisibility {unknown}
 k - 2 potions of attraction {unknown}
 l - a potion of curing {unknown}
 m - a potion of lignification {unknown}
 p - a potion of haste {unknown}


   Skills:
 + Level 2.6 Fighting
 + Level 3.1 Long Blades
 - Level 1.7 Throwing
 + Level 3.1 Dodging


You had 2 spell levels left.
You didn't know any spells.
Your spell library contained the following spells:

 Spells                   Type           Power      Damage    Failure   Level
 Ensorcelled Hibernation  Hex/Ice        0%         N/A       100%        2
 Passwall                 Tmut/Erth      0%         N/A       100%        2
 Swiftness                Air            0%         N/A       100%        3


Dungeon Overview and Level Annotations

Branches:
Dungeon (2/15)

Altars:

Annotations:
D:2 Natasha


Innate Abilities, Weirdness & Mutations

You have large cloven feet.


Message History

Natasha, Servant of Life and Death comes into view.
Natasha drinks a potion.
Natasha's spells are empowered!
You see here a +0 club.
Natasha is nearby!
Natasha mumbles some strange words.
You completely miss Natasha. Your kick misses Natasha.
You punch Natasha, but do no damage.
Natasha stares at you and mumbles some strange words.
You feel yourself slow down. The shadow imp barely misses you.
You barely miss Natasha. You kick Natasha, but do no damage. Natasha claws you.
The shadow imp hits you but does no damage.
Natasha claws you!
The shadow imp hits you but does no damage.
You barely miss Natasha. Natasha casts a spell at you. The magic dart hits you.
The shadow imp hits you but does no damage.
Natasha casts a spell at you.
You struggle to resist.
The shadow imp barely misses you.
You barely miss Natasha. You kick Natasha.
Natasha is moderately wounded.
Natasha claws you!
* * * LOW HITPOINT WARNING * * *
The shadow imp barely misses you. Natasha closely misses you.
The shadow imp hits you but does no damage.
You closely miss Natasha. Your kick misses Natasha.
Natasha is moderately wounded.
Natasha casts a spell.
The shadow imp hits you but does no damage.
Natasha growls.
Natasha mumbles some strange words.
Press: ? - help, v - describe, . - travel
Here: a shadow imp (summoned)
The floor.
You slash Natasha! You kick Natasha, but do no damage.
Natasha is severely wounded.
The shadow imp gestures at you.
You barely resist. Natasha closely misses you.
The shadow imp closely misses you. Natasha claws you.
You die...

#.# ... ... #).#.# #....
#..#.# #.#.# #..#.#
....# #..#.# #.#.# #
#..#.# #.#.# ####5#####
#..#)# #.#.# #.@h5.....
##..#.###.#.###5##.#####
.......##.#.....# .#
.#..##.....###### #
.....#.#......#
.......#...##.#
.......###.# # .....#.#
#.# # .......# #.#
######


You could see Natasha (empowered), a crimson imp (summoned) and 2 shadow imps.

Vanquished Creatures
  A dart slug (D:2)
  2 bats (D:1)
  3 giant cockroaches
  4 goblins
  A hobgoblin (D:2)
  3 jackals (D:1)
  5 kobolds
  2 quokkas
  3 ball pythons
  2 frilled lizards
  2 rats (D:1)
28 creatures vanquished.

Notes
Turn   | Place    | Note
-------+----------+-------------------------------------------
     0 | D:1      | Thatpatchoflichen the Demonspawn Gladiator began the quest
                  | for the Orb.
     0 | D:1      | Reached XP level 1. HP: 16/16 MP: 1/1
   193 | D:1      | Gained mutation: You have large cloven feet. [demonic
                  | ancestry]
   193 | D:1      | Reached XP level 2. HP: 22/22 MP: 2/2
  1146 | D:2      | Identified the +2 pair of boots of the Slug {rF- rC- Will++
                  | Dex+9}
  1284 | D:2      | Reached XP level 3. HP: 21/28 MP: 3/3
  1444 | D:2      | Noticed Natasha
  1452 | D:2      | Slain by Natasha

Illustrated notes

Levels and vault maps discovered:
D:1:      amcnicky_arrival_underground_garden, layout_basic
D:2:      layout_loops_ring, minmay_misc_feat_more_columns,
          amcnicky_mini_corridor_feature, uniq_natasha

Skill      XL: |  1  2 |
---------------+-------+-----
Long Blades    | 3 |  3.1
Dodging        | 3 |  3.1
Fighting       | |  2.6
Throwing       | |  1.7

Action                   || total
-------------------------++-------
Melee: Long sword        ||    70
       Punch             ||     2
       Kick              ||    11
Armor: Leather armour    ||    26
       Chain mail        ||    12
Dodge: Dodged            ||    63
